 Dungeon Crawl Stone Soup version 0.32-a0-32-g978bd804de (webtiles) character file.

Game seed: 5233912583407561763

24957 Morbidden the Grappler (level 12, 0/113 HPs)
             Began as a Troll Earth Elementalist on Jan 20, 2024.
             Was an Elder of Cheibriados.
             Slain by a cane toad (9 damage)
             ... on level 1 of the Lair of Beasts.
             The game lasted 00:28:49 (16178 turns).

Morbidden the Grappler (Troll Earth Elementalist)  Turns: 16178, Time: 00:28:50

Health: 0/113      AC: 11    Str: 27    XL:     12   Next: 85%
Magic:  28/28      EV: 18    Int: 29    God:    Cheibriados [****..]
Gold:   409        SH:  0    Dex: 19    Spells: 13/21 levels left

rFire   x .          .
                       - Unarmed
rCold   . . .        (no shield)
rNeg    . . .        G - +0 acid dragon scales
rPois   +            (helmet currently unavailable)
rElec   .            o - melded +1 cloak
rCorr   +            (gloves unavailable)
SInv    .            (boots unavailable)
Will    .....        (no amulet)
Stlth   ++           c - +5 ring of evasion
HPRegen 1.18/turn    K - ring "Jaykonkoo" {rPois MP+9 Int+8 Dex-4}
MPRegen 0.21/turn

%: no passive effects
@: beast-form, very slow
A: beast (slay +3), large, unfitting armour, claws 3, regeneration 1, shaggy fur
1, tough skin 1, iridescent scales 1, agile 1, dopey 1, no potion heal 1, heat
vulnerability 1
a: Begin Untransformation, Renounce Religion, Bend Time, Temporal Distortion,
Slouch


You were on level 1 of the Lair of Beasts.
You worshipped Cheibriados.
Cheibriados was greatly pleased with you.
You were a hulking beast.
You visited 3 branches of the dungeon, and saw 15 of its levels.

You collected 836 gold pieces.
You spent 427 gold pieces at shops.

Inventory:

Missiles
 D - 8 curare-tipped darts
 F - 18 poisoned darts (quivered)
 I - 11 large rocks
Armour
 o - a +1 cloak (melded)
 G - +0 acid dragon scales (worn)
Jewellery
 a - a ring of wizardry
 c - a +5 ring of evasion (left claw)
 K - the ring "Jaykonkoo" (right claw) {rPois MP+9 Int+8 Dex-4}
   (You bought it in a shop on level 3 of the Dungeon)

   [ring of magical power]

   Int+8:     It affects your intelligence (+8).
   Dex-4:     It affects your dexterity (-4).
   rPois:     It protects you from poison MP+9: It affects your magic capacity
   (+9).
 L - a ring of protection from cold
 N - a ring of protection from cold
Talismans
 q - a beast talisman (active)
 E - a serpent talisman
Wands
 s - a wand of polymorph (2)
 w - a wand of charming (14)
 C - a wand of flame (17)
 J - a wand of iceblast (6)
 O - a wand of digging (4)
Scrolls
 h - a scroll of fear
 i - 3 scrolls of revelation
 m - 3 scrolls of poison
 n - 2 scrolls of teleportation
 p - a scroll of fog
 r - 2 scrolls of vulnerability
 v - 5 scrolls of noise
 y - a scroll of enchant weapon
Potions
 b - 3 potions of magic
 d - a potion of cancellation {unknown}
 e - a potion of heal wounds
 f - 4 potions of curing
 g - a potion of haste
 j - a potion of lignification
 k - a potion of resistance
 l - a potion of might
 t - a potion of enlightenment
 x - 2 potions of brilliance
 A - 2 potions of invisibility
 M - 9 potions of ambrosia


   Skills:
 * Level 5.6 Fighting
 + Level 1.5 Throwing
 * Level 5.5 Armour
 * Level 6.8 Dodging
 + Level 1.8 Stealth
 * Level 10.1 Unarmed Combat
 * Level 5.4 Spellcasting
 * Level 4.6 Conjurations
 * Level 7.7 Earth Magic
 * Level 2.7 Invocations
 + Level 0.2 Evocations
 * Level 5.5 Shapeshifting


You had 13 spell levels left.
You knew the following spells:

 Your Spells              Type           Power      Damage    Failure   Level
a - Sandblast             Erth           100%       2d20      1%          1
b - Stone Arrow           Conj/Erth      86%        3d12      1%          3
c - Brom's Barrelling Bo  Conj/Erth      43%        2d6       5%          4

Your spell library contained the following spells:

 Spells                   Type           Power      Damage    Failure   Level
 Passwall                 Erth           51%        N/A       1%          3
 Freeze                   Ice            28%        1d5       7%          1
 Slow                     Hex            28%        N/A       7%          1
 Dazzling Flash           Conj/Hex       42%        N/A       9%          3
 Hailstorm                Conj/Ice       21%        3d7       9%          3
 Mephitic Cloud           Conj/Alch/Air  16%        N/A       11%         3
 Petrify                  Alch/Erth      30%        N/A       14%         4
 Confusing Touch          Hex            7%         N/A       22%         3
 Frozen Ramparts          Ice            14%        1d3       22%         3
 Sigil of Binding         Hex            7%         N/A       22%         3
 Vampiric Draining        Necr           7%         2d6       22%         3
 Cause Fear               Hex            3%         N/A       56%         4
 Fireball                 Conj/Fire      10%        3d6       58%         5
 Curse of Agony           Necr           7%         N/A       89%         5
 Silence                  Hex/Air        3%         N/A       89%         5
 Dragon's Call            Summ           3%         N/A       100%        9


Dungeon Overview and Level Annotations

Branches:
Dungeon (12/15)            Temple (1/1) D:5            Lair (2/5) D:9
  Swamp (0/4) Lair:2        Snake (0/4) Lair:2          Orc (0/2) D:9

Altars:
Ashenzari
Cheibriados
Dithmenos
Elyvilon
Fedhas
Gozag
Hepliaklqana
Kikubaaqudgha
Makhleb
Nemelex Xobeh
Okawaru
Qazlal
Ru
Sif Muna
Trog
Uskayaw
Vehumet
Wu Jian
Xom
Yredelemnul
Zin
The Shining One

Shops:
D:1 ?   D:3 =*![*=   D:8 *   D:9 (

Annotations:
D:4 1 runed translucent door, Crazy Yiuf
D:7 Jeremiah
Lair:1 2 transporters, Gargoyl's ghost, journeyman GrBe


Innate Abilities, Weirdness & Mutations

You are a hulking beast.
Your limbs bulge with bestial killing power. (Slay +3)
You are too large for most types of armour.
You have claws for hands.
Your natural rate of healing is unusually fast.
You are covered in fur. (AC +1)
You have tough skin. (AC +1)
You are partially covered in iridescent scales. (AC +2)
You are agile. (Dex +4, Str/Int -1)
You are dopey. (Int -2)
Potions are less effective at restoring your health.
You are vulnerable to heat. (rF-)


Message History

The death yak is moderately wounded.
The death yak misses you.
You barely miss the death yak.
The death yak is moderately wounded.
You claw the death yak!
The death yak is heavily wounded.
You barely miss the black mamba. The black mamba closely misses you.
The death yak gores you!
Unknown command.
Blink to where?
Press: ? - help, Dir - move target A cane toad comes into view.
As you read the scroll of blinking, it crumbles to dust.
The sentinel's mark upon you fades away.
Unknown command.
Unknown command.
The cane toad barely misses you.
You climb upwards.
Level annotation: 2 transporters, Gargoyl's ghost, journeyman GrBe
There is a stone staircase leading down here.
Unknown command.
Unknown command.
You claw the cane toad!
The cane toad is moderately wounded.
The cane toad closely misses you.
You barely miss the cane toad.
The cane toad is moderately wounded.
The cane toad stings you!
You scratch the cane toad.
The cane toad is heavily wounded.
The cane toad stings you!!
* * * LOW HITPOINT WARNING * * *
You scratch the cane toad but do no damage.
The cane toad is heavily wounded.
The cane toad stings you!
* * * LOW HITPOINT WARNING * * *
You claw the cane toad!
The cane toad is almost dead.
The cane toad stings you!
You die...

.###.........######...P..........
.# #.........# #...#.......... .#
#.........######...#..........
####.............................
#..#.........##..................
#............##...##.............
.............##...##.............
.............##..F#####..........
.............##.h.# ##..........
.##..........##...# ##.^.........
...........####...# #............
............###...###.####.###.#.
.........~~~.......#..###~~~~~~#.
........~~≈≈~.........###~~~~~~~.
.......~≈≈≈≈~.........###~~~~~~~.
......~≈≈≈≈~~.........#########..
......~≈≈≈~....................[.


You could see a cane toad.

Vanquished Creatures
  2 centaur warriors (D:11)
  3 two-headed ogres
  A tengu warrior (D:11)
  A deep elf pyromancer (D:11)
  A manticore (D:11)
  3 cyclopes (D:11)
  Joseph (D:7)
  A black mamba (Lair:2)
  A cane toad (Lair:1)
  2 unseen horrors
  5 kobold demonologists
  A rime drake (Lair:1)
  4 komodo dragons
  A troll (D:11)
  2 queen bees (D:11)
  4 slime creatures
  7 blink frogs
  3 shadows
  2 wraiths
  4 wyverns
  16 yaks
  2 wargs (D:9)
  A golden eye (shapeshifter) (D:11)
  A basilisk (Lair:1)
  6 nagas (Lair:2)
  4 water moccasins
  5 acid dragons
  An ice beast (D:6)
  3 orc warriors
  2 ogres (D:4)
  2 black bears
  4 centaurs
  9 wolves
  2 phantoms (D:6)
  6 kobold brigands
  2 scorpions (D:6)
  8 bullfrogs
  A gnoll sergeant (D:11)
  5 wights
  61 killer bees
  2 electric eels (Lair:1)
  2 howler monkeys
  2 jellies
  7 orc priests
  3 hounds
  13 orc wizards
  2 iguanas
  A gnoll (D:9)
  4 adders
  3 shadow imps
  4 ufetubi
  A dart slug (D:5)
  3 ribbon worms
  37 orcs
  8 endoplasms
  3 giant cockroaches (D:1)
  8 hobgoblins
  6 jackals
  3 quokkas
  8 ball pythons
  3 bats (D:1)
  5 frilled lizards
  4 goblins
  22 kobolds
  6 rats
350 creatures vanquished.

Vanquished Creatures (collateral kills)
  A shadow (D:11)
  An orc wizard (D:11)
  A boulder (D:11)
3 creatures vanquished.

Vanquished Creatures (others)
  A vampire (D:11)
  A killer bee (D:11)
2 creatures vanquished.

Grand Total: 355 creatures vanquished

Notes
Turn   | Place    | Note
-------+----------+-------------------------------------------
     0 | D:1      | Morbidden the Troll Earth Elementalist began the quest for
                  | the Orb.
     0 | D:1      | Reached XP level 1. HP: 16/16 MP: 1/1
   139 | D:1      | Reached XP level 2. HP: 24/24 MP: 0/3
   792 | D:1      | Found Doddy's Magic Scroll Shoppe.
   946 | D:1      | Reached XP level 3. HP: 32/32 MP: 4/4
  1292 | D:2      | Found a faded altar of an unknown god.
  1638 | D:2      | Reached skill level 1 in Unarmed Combat
  1815 | D:3      | Found Erryavuu's Jewellery Shop.
  2000 | D:3      | Found Woagaxti's Armour Emporium.
  2064 | D:3      | Learned a level 3 spell: Stone Arrow
  2231 | D:3      | Found a shimmering altar of Xom.
  2256 | D:3      | Reached XP level 4. HP: 40/40 MP: 3/5
  2457 | D:3      | Found Caaleg's Distillery.
  2460 | D:3      | Found Oschiuf's General Store.
  2547 | D:3      | Found Loahouss's Assorted Antiques.
  2725 | D:3      | Found Wazesuy's One-of-a-Kind Rings.
  3046 | D:4      | Reached skill level 1 in Fighting
  3130 | D:4      | Noticed an ogre
  3148 | D:4      | Noticed an ogre
  3258 | D:4      | Noticed a kobold brigand
  3270 | D:5      | Entered Level 5 of the Dungeon
  3309 | D:5      | Noticed a black bear
  3320 | D:5      | Killed a black bear
  3321 | D:5      | Reached skill level 1 in Conjurations
  3321 | D:5      | Reached XP level 5. HP: 46/48 MP: 5/7
  3419 | D:5      | Noticed a water moccasin
  3560 | D:5      | Found a staircase to the Ecumenical Temple.
  3570 | Temple   | Entered the Ecumenical Temple
  3592 | D:5      | Reached skill level 1 in Armour
  3852 | D:5      | Reached XP level 6. HP: 54/55 MP: 4/8
  4319 | D:5      | Reached skill level 2 in Unarmed Combat
  4545 | D:4      | Reached skill level 1 in Shapeshifting
  4767 | D:4      | Found a runed translucent door.
  4768 | D:4      | Noticed Crazy Yiuf
  5034 | D:6      | Reached XP level 7. HP: 64/65 MP: 6/9
  5211 | D:6      | Reached skill level 3 in Unarmed Combat
  5260 | D:6      | Found a stormy altar of Qazlal.
  5992 | D:7      | Reached XP level 8. HP: 73/74 MP: 11/11
  6232 | D:7      | Noticed Joseph
  6233 | D:7      | Noticed Jeremiah
  6256 | D:7      | Reached skill level 4 in Unarmed Combat
  6331 | D:8      | Found Daunos's Desiderata Depot.
  6338 | D:8      | Bought 2 curare-tipped darts for 31 gold pieces
  6486 | D:8      | Noticed a two-headed ogre
  6498 | D:8      | Killed a two-headed ogre
  6499 | D:8      | Reached skill level 5 in Unarmed Combat
  6499 | D:8      | Reached XP level 9. HP: 72/80 MP: 7/12
  6642 | D:8      | Found a glowing golden altar of the Shining One.
  7256 | D:3      | Bought the ring "Jaykonkoo" {rPois MP+9 Int+8 Dex-4} for
                  | 396 gold pieces
  7400 | D:4      | Reached skill level 5 in Earth Magic
  7672 | D:7      | Killed Joseph
  8220 | D:8      | Learned a level 4 spell: Brom's Barrelling Boulder
  8308 | D:9      | Found a staircase to the Orcish Mines.
  8364 | D:9      | Gained mutation: You are frail. (-10% HP) [potion of
                  | mutation]
  8364 | D:9      | Gained mutation: Potions are less effective at restoring
                  | your health. [potion of mutation]
  8364 | D:9      | Gained mutation: You are partially covered in large bone
                  | plates. (SH +4) [potion of mutation]
  8365 | D:9      | Lost mutation: You are frail. (-10% HP) [potion of
                  | mutation]
  8365 | D:9      | Lost mutation: You are partially covered in large bone
                  | plates. (SH +4) [potion of mutation]
  8365 | D:9      | Gained mutation: You are vulnerable to heat. (rF-) [potion
                  | of mutation]
  8365 | D:9      | Gained mutation: You are agile. (Dex +4, Str/Int -1)
                  | [potion of mutation]
  8365 | D:9      | Gained mutation: Your system is resistant to poisons.
                  | (rPois) [potion of mutation]
  8365 | D:9      | Gained mutation: You passively dampen the noise of your
                  | surroundings. [potion of mutation]
  8366 | D:9      | Lost mutation: You passively dampen the noise of your
                  | surroundings. [potion of mutation]
  8366 | D:9      | Lost mutation: Your system is resistant to poisons. (rPois)
                  | [potion of mutation]
  8366 | D:9      | Gained mutation: You are dopey. (Int -2) [potion of
                  | mutation]
  8366 | D:9      | Gained mutation: You are partially covered in iridescent
                  | scales. (AC +2) [potion of mutation]
  8417 | D:9      | Reached skill level 6 in Unarmed Combat
  8420 | D:9      | Reached XP level 10. HP: 68/91 MP: 15/15
  8444 | D:9      | HP: 3/91 [warg (17)]
  9615 | D:9      | Found a staircase to the Lair.
 10105 | D:9      | Found Piruden's Weapon Boutique.
 10440 | D:10     | Entered Level 10 of the Dungeon
 10660 | D:10     | Found a shimmering blue altar of Sif Muna.
 10674 | D:10     | Reached skill level 5 in Dodging
 10895 | D:10     | Found a sparkling altar of Nemelex Xobeh.
 10895 | D:10     | Found a blossoming altar of Fedhas.
 10902 | D:10     | Found an ornate altar of the Wu Jian Council.
 10904 | D:10     | Found an iron altar of Okawaru.
 10906 | D:10     | Found a burning altar of Makhleb.
 11378 | D:11     | Noticed an orange demon
 11403 | D:11     | Noticed an orange demon
 11424 | D:11     | Reached XP level 11. HP: 101/101 MP: 16/16
 11824 | D:11     | Noticed a two-headed ogre
 11840 | D:11     | Killed a two-headed ogre
 11841 | D:11     | Reached skill level 7 in Unarmed Combat
 12420 | D:12     | Reached skill level 5 in Armour
 12443 | D:12     | Reached skill level 8 in Unarmed Combat
 12500 | D:12     | Reached skill level 5 in Fighting
 12523 | D:11     | HP: 5/102 [slime creature (13)]
 12524 | D:11     | Reached skill level 5 in Shapeshifting
 12963 | D:7      | Found a snail-covered altar of Cheibriados.
 12966 | D:7      | Became a worshipper of Cheibriados the Contemplative
 13157 | D:11     | Noticed a centaur warrior
 13167 | D:11     | Killed a centaur warrior
 13176 | D:11     | Noticed a deep elf pyromancer
 13196 | D:11     | Killed a deep elf pyromancer
 13197 | D:11     | Reached skill level 1 in Throwing
 13248 | D:11     | Noticed a two-headed ogre
 13258 | D:11     | Killed a two-headed ogre
 13259 | D:11     | Reached skill level 5 in Spellcasting
 13265 | D:11     | Reached * piety under Cheibriados
 13387 | D:11     | Reached skill level 1 in Invocations
 13387 | D:11     | Reached XP level 12. HP: 28/111 MP: 18/18
 13702 | D:11     | Noticed a centaur warrior
 13712 | D:11     | Killed a centaur warrior
 13713 | D:11     | Reached skill level 9 in Unarmed Combat
 13847 | D:11     | Noticed a tengu warrior
 13867 | D:11     | Killed a tengu warrior
 14095 | Lair:1   | Entered Level 1 of the Lair of Beasts
 14112 | Lair:1   | Reached ** piety under Cheibriados
 14997 | Lair:1   | Reached *** piety under Cheibriados
 15254 | Lair:1   | Found a transporter.
 15259 | Lair:1   | Found a transporter.
 15260 | Lair:1   | Noticed Gargoyl's ghost (journeyman GrBe)
 15693 | Lair:2   | Reached skill level 10 in Unarmed Combat
 15818 | Lair:2   | Found a staircase to the Snake Pit.
 15956 | Lair:2   | Found a staircase to the Swamp.
 16149 | Lair:2   | Reached **** piety under Cheibriados
 16151 | Lair:2   | Noticed a death yak
 16155 | Lair:2   | Noticed a death yak
 16178 | Lair:1   | Slain by a cane toad

Illustrated notes

Levels and vault maps discovered:
D:1:      minmay_arrival_shoal_huts, layout_basic, serial_shops, shop
D:2:      layout_rooms, basic_ecumenical_altar
D:3:      layout_basic, overflow_temple_1_default, serial_shops, shop,
          nicolae_shop_waterfront, nicolae_shop_advertising_works
          [nicolae_subvault_shop_adworks], nicolae_shop_crystal, shop,
          nicolae_shop_unique_rings, chequers_serial_rivers_large_b
D:4:      layout_cave_pools, kennysheep_windowed_goal, uniq_crazy_yiuf_cottage
D:5:      layout_loops_corners, minmay_temple_entry_ruins
D:6:      layout_cave_pods, amcnicky_altar_gilded
D:7:      layout_rooms, lemuel_doored_altar, uniq_jeremiah, uniq_joseph
D:8:      layout_gridville, mainiacjoe_overflow_alcove_4, nicolae_alphabet_shops
D:9:      layout_stronghold, david_lair_shrubbed, erik_orc_4, serial_shops,
          shop, grunt_ministairs_15, kennysheep_generic_room_15
D:10:     layout_long_grid, led_sif_pool, chequers_temple_overflow_minitemple
D:11:     regret_index_combs_of_tragedy, layout_basic, special_room
          [special_room_bee], small_statue_intersection, hangedman_decor_lopped
D:12:     layout_roguey
Temple:   nicolae_temple_no_exploring_needed
Lair:1:   layout_gridlike, gammafunk_ghost_hive, beast_lair_carwin_9,
          infiniplex_staircase_pool
Lair:2:   layout_roguey, swamp_mist_pool, minmay_snake_entry_guardpost_medium,
          hangedman_lair_generics_rect, lemuel_fruit_fields

Skill      XL: |  1  2  3  4  5  6  7  8  9 10 11 12 |
---------------+-------------------------------------+-----
Earth Magic    | 3 4 5 6 7 |  7.7
Unarmed Combat | 1 2 3 5 6 8 10 | 10.1
Dodging        | 2 3 4 5 6 |  6.8
Fighting       | 1 2 3 4 5 |  5.6
Spellcasting   | 2 3 4 5 |  5.4
Conjurations   | 1 2 3 4 |  4.6
Armour         | 1 2 3 4 5 |  5.5
Shapeshifting  | 1 2 3 4 5 |  5.5
Throwing       | 1 |  1.5
Invocations    | 1 2 |  2.7
Stealth        | |  1.8
Evocations     | |  0.2

Action                     |  1- 3 |  4- 6 |  7- 9 | 10-12 || total
---------------------------+-------+-------+-------+-------++-------
  Melee: Unarmed           |    85 |   111 |   256 |   627 ||  1079
         Punch             |     3 |     2 |     7 |    34 ||    46
  Throw: Dart              |       |       |     6 |    23 ||    29
         Large rock        |       |       |       |     6 ||     6
   Cast: Sandblast         |    49 |    40 |    51 |    17 ||   157
         Stone Arrow       |       |       |    16 |   152 ||   168
         Brom's Barrelling |       |       |       |     1 ||     1
  Evoke: Wand              |       |       |     4 |     7 ||    11
    Use: Scroll            |       |       |    13 |    13 ||    26
         Potion            |       |       |     5 |     4 ||     9
   Stab: Sleeping          |     1 |     1 |     2 |     1 ||     5
 Armour: Robe              |    36 |    72 |   164 |    55 ||   327
         Acid dragon scale |       |       |       |   493 ||   493
         Skin              |       |       |       |    39 ||    39
  Dodge: Dodged            |    71 |   133 |   204 |   604 ||  1012
  Block: Other             |       |       |     1 |       ||     1
   Form: Beast             |     1 |       |       |     1 ||     2
                           |       |     1 |       |       ||     1

Table legend: (Time is in decaauts)
 A = Elapsed time spent in this place.
 B = Non-inter-level travel time spent in this place.
 C = Inter-level travel time spent in this place.
 D = Time resting spent in this place.
 E = Time spent auto-exploring this place.
 F = Levels seen in this place.
 G = Mean time per level.
                   A        B        C        D        E       F      G
               +--------+--------+--------+--------+--------+-----+--------+
         Total |  16803 |  15499 |   1304 |   1881 |  10818 |  15 | 1120.2 |
       Dungeon |  14246 |  13058 |   1188 |   1653 |   9005 |  12 | 1187.2 |
        Temple |      7 |      7 |      0 |      0 |      0 |   1 |    7.0 |
          Lair |   2549 |   2433 |    116 |    228 |   1812 |   2 | 1274.5 |
               +--------+--------+--------+--------+--------+-----+--------+

Top non-repeatable levels by time:
     D:9: 2552 daAuts
    D:11: 2252 daAuts
  Lair:1: 1915 daAuts
     D:5: 1418 daAuts
     D:3: 1319 daAuts
     D:1: 1199 daAuts
     D:8: 1161 daAuts
    D:10: 1127 daAuts
     D:6: 1096 daAuts
     D:4: 1071 daAuts
  Lair:2: 634 daAuts
     D:2: 533 daAuts
     D:7: 410 daAuts
    D:12: 102 daAuts
  Temple: 7 daAuts
